Map: Terraform LE (Void)

Players

whaleslapper - Winner!

  • Race: Terran Terran
  • League: Grandmaster

ChooChan

  • Race: Protoss Protoss
  • League: Platinum

Event: Lycan League Weekly August #3

VOD

Have the link to the VOD?

Description

Time

  • Played on: Aug. 17, 2015, 12:25 p.m.
  • Length: 6:32

All games in this series

Show
View Real Time Build Order
Export as new Build Order

whaleslapper Terran - Winner!

Build Orders: Reaper Expand 

Get SALT Encoding   

  12  0:01  SCV  
  13  0:13  SCV  
  14  0:17  Supply Depot  
  14  0:25  SCV  
  15  0:39  SCV, Barracks  
  16  0:44  Refinery  
  16  0:51  SCV  
  17  1:03  SCV  
  18  1:26  Orbital Command  
  18  1:28  Reaper  
  19  1:41  Command Center  
  19  1:54  SCV  
  19  2:00  Barracks Reactor  
  20  2:06  SCV  
  21  2:10  Supply Depot  
  21  2:18  SCV  
  22  2:24  Factory  
  22  2:27  Barracks  
  22  2:30  SCV  
  23  2:37  Marine x2  
  23  2:42  Refinery  
  23  2:43  SCV  
  26  2:52  Orbital Command  
  26  2:55  SCV, Bunker  
  26  2:56  Marine  
  26  2:57  Marine  
  29  3:07  SCV  
  29  3:10  Starport  
  30  3:13  Widow Mine  
  30  3:17  Barracks Tech Lab  
  32  3:20  SCV  
  32  3:21  SCV  
  32  3:24  Marine  
  35  3:28  Marine  
  36  3:36  SCV x2  
  36  3:39  Concussive Shells  
  36  3:40  Marauder  
  39  3:43  Marine  
  39  3:45  Marine  
  39  3:47  Supply Depot  
  41  3:51  SCV x2  
  41  3:52  Medivac  
  45  4:00  Supply Depot  
  45  4:03  SCV  
  45  4:08  Marine, Widow Mine  
  45  4:09  SCV, Marauder  
  52  4:10  Marine  
  52  4:14  Supply Depot  
  52  4:17  SCV  
  54  4:22  SCV  
  54  4:23  Barracks  
  55  4:26  Stimpack  
  55  4:29  SCV  
  56  4:34  SCV, Barracks  
  56  4:36  Starport Reactor  
  57  4:40  Marine, Marauder  
  57  4:41  Marine  
  57  4:43  SCV  
  62  4:46  SCV  
  62  4:49  Refinery  
  62  4:51  Supply Depot  
  62  4:52  Supply Depot  
  63  4:55  SCV  
  63  4:58  SCV  
  65  5:01  Marine x2  
  65  5:02  Marauder  
  65  5:06  Supply Depot  
  69  5:11  SCV  
  68  5:17  Barracks Tech Lab  
  68  5:18  Medivac x2  
  68  5:19  Marine x2  
  68  5:20  SCV  
  73  5:22  Barracks Reactor  
  73  5:26  Refinery  
  73  5:28  SCV, Marauder  
  76  5:32  SCV  
  78  5:42  SCV  
  78  5:44  SCV  
  78  5:46  Command Center  
  78  5:49  Marine  
  79  5:50  Marauder, Engineering Bay, Marine  
  79  5:55  SCV  
  79  5:56  SCV  
  85  5:57  Medivac  
  89  6:07  Marauder, Marine  
  89  6:08  SCV  
  93  6:17  Factory Reactor  
  94  6:19  Supply Depot  
Show
View Real Time Build Order
Export as new Build Order

ChooChan Protoss 

Build Orders: 1 Gate Expand 

Get SALT Encoding   

  12  0:01  Probe  
  13  0:14  Pylon  
  13  0:18  Probe  
  14  0:32  Probe (Chrono Boost)  
  14  0:34  Gateway  
  15  0:41  Probe (Chrono Boost)  
  16  0:49  Probe  
  17  1:01  Probe (Chrono Boost)  
  18  1:15  Nexus  
  18  1:24  Cybernetics Core  
  18  1:31  Assimilator  
  18  1:38  Probe  
  19  1:47  Pylon  
  19  1:50  Probe  
  20  2:02  Probe  
  20  2:06  Adept (Chrono Boost), Assimilator  
  23  2:14  Probe (Chrono Boost)  
  24  2:26  Probe (Chrono Boost), Adept  
  27  2:33  Probe (Chrono Boost)  
  27  2:35  Probe (Chrono Boost)  
  29  2:41  Forge  
  30  2:46  Probe x2 (Chrono Boost)  
  30  2:50  Warp Gate  
  31  2:58  Probe (Chrono Boost)  
  33  3:00  Probe (Chrono Boost)  
  33  3:04  Probe (Chrono Boost)  
  33  3:08  Probe (Chrono Boost)  
  34  3:14  Robotics Facility  
  34  3:15  Probe (Chrono Boost)  
  36  3:20  Probe (Chrono Boost)  
  36  3:21  Pylon  
  36  3:24  Sentry, Probe (Chrono Boost)  
  40  3:27  Probe (Chrono Boost)  
  41  3:36  Probe (Chrono Boost)  
  41  3:37  Probe (Chrono Boost)  
  42  3:47  Probe (Chrono Boost)  
  42  3:48  Probe (Chrono Boost)  
  44  3:51  Assimilator  
  44  3:52  Assimilator  
  44  3:54  Probe  
  45  3:56  Probe  
  45  4:01  Observer (Chrono Boost)  
  45  4:02  Pylon  
  47  4:06  Probe, Pylon  
  47  4:09  Probe  
  49  4:12  Robotics Bay  
  49  4:18  Probe  
  49  4:20  Photon Cannon  
  49  4:21  Probe  
  49  4:23  Photon Cannon  
  51  4:29  Warp Prism (Chrono Boost)  
  51  4:30  Probe  
  54  4:33  Probe  
  55  4:42  Probe  
  55  4:45  Probe  
  57  4:48  Gateway  
  57  4:50  Gateway  
  57  4:51  Gateway  
  57  4:52  Pylon  
  57  5:02  Probe  
  57  5:03  Probe  
  62  5:07  Disruptor (Chrono Boost)  
  62  5:22  Gravitic Drive (Chrono Boost)  
  62  5:28  Disruptor  
  62  5:34  Gateway  
  62  5:35  Gateway  
  65  5:37  Disruptor (Chrono Boost)  
  65  5:38  Disruptor, Pylon  
  65  5:46  Probe  
  65  5:49  Pylon  
  66  5:51  Pylon  
  63  6:15  Adept  
  59  6:27  Adept x3  

Tags
 
Add a new tag
Caveats
  • Supply blocks, unpowered buildings, or Contaminate may cause inaccurate times.
  • Supply counts are checked every 10 seconds.